Map: Lerilak Crest

Players

IIllIIllIIlI

  • Race: Protoss Protoss

wabbajack - Winner!

  • Race: Zerg Zerg
  • League: Gold

VOD

Have the link to the VOD?

Description

Time

  • Played on: July 17, 2015, 7:45 p.m.
  • Length: 12:56
Show
View Real Time Build Order
Export as new Build Order

IIllIIllIIlI Protoss 

Build Orders: 1 Gate Expand 

Get SALT Encoding   

  12  0:01  Probe  
  13  0:13  Probe  
  14  0:21  Pylon  
  14  0:39  Probe (Chrono Boost)  
  15  0:48  Gateway  
  15  0:54  Probe (Chrono Boost)  
  15  0:56  Assimilator  
  16  1:06  Probe (Chrono Boost)  
  17  1:12  Pylon  
  17  1:15  Probe (Chrono Boost)  
  18  1:23  Probe  
  19  1:32  Nexus  
  19  1:36  Zealot  
  22  1:40  Probe (Chrono Boost)  
  22  1:45  Assimilator  
  22  1:50  Probe (Chrono Boost)  
  23  1:57  Probe  
  24  2:04  Cybernetics Core  
  24  2:10  Pylon  
  24  2:14  Zealot  
  26  2:20  Probe (Chrono Boost)  
  28  2:31  Probe (Chrono Boost)  
  28  2:37  Probe  
  28  2:41  Warp Gate  
  29  2:45  Probe (Chrono Boost)  
  31  2:53  Probe (Chrono Boost)  
  31  2:57  Mothership Core (Chrono Boost), Sentry  
  35  2:59  Assimilator  
  35  3:04  Assimilator  
  36  3:07  Probe (Chrono Boost)  
  36  3:11  Probe (Chrono Boost)  
  37  3:18  Probe (Chrono Boost)  
  38  3:23  Probe (Chrono Boost)  
  38  3:26  Probe (Chrono Boost)  
  40  3:29  Probe (Chrono Boost)  
  40  3:32  Robotics Facility  
  40  3:34  Twilight Council  
  41  3:38  Pylon  
  41  3:47  Forge  
  41  3:51  Probe x2 (Chrono Boost)  
  43  4:01  Probe (Chrono Boost)  
  43  4:02  Probe (Chrono Boost)  
  45  4:07  Pylon  
  45  4:08  Probe  
  46  4:10  Probe  
  47  4:20  Probe, Protoss Ground Weapons Level 1  
  47  4:22  Probe  
  47  4:23  Observer  
  50  4:32  Probe  
  50  4:34  Probe  
  50  4:35  Robotics Bay  
  52  4:44  Probe  
  53  4:46  Probe  
  53  5:01  Gateway  
  53  5:02  Gateway  
  53  5:04  Gateway  
  42  5:23  Shield Upgrade  
  42  5:31  Gateway  
  42  5:32  Gateway  
  42  5:36  Probe x2  
  44  5:48  Probe x2  
  49  5:59  Disruptor (Chrono Boost)  
  49  6:00  Probe x2  
  47  6:12  Probe  
  47  6:15  Stalker x3  
  47  6:16  Stalker  
  55  6:22  Probe  
  55  6:24  Probe  
  56  6:35  Probe (Chrono Boost)  
  56  6:36  Probe (Chrono Boost)  
  61  6:40  Stargate  
  61  6:42  Disruptor (Chrono Boost)  
  61  6:43  Nexus  
  62  6:47  Probe (Chrono Boost)  
  62  6:48  Probe (Chrono Boost)  
  63  6:55  Probe (Chrono Boost)  
  63  6:56  Probe (Chrono Boost)  
  65  7:02  Pylon  
  65  7:04  Probe  
  65  7:05  Probe, Pylon  
  67  7:16  Probe  
  67  7:17  Disruptor  
  67  7:20  Probe  
  72  7:28  Probe  
  72  7:29  Disruptor  
  73  7:32  Probe  
  73  7:34  Photon Cannon  
  74  7:37  Photon Cannon  
  74  8:03  Oracle (Chrono Boost)  
  74  8:07  Adept x5  
  74  8:08  Adept  
  74  8:11  Probe (Chrono Boost)  
  89  8:15  Pylon  
  89  8:16  Probe x2 (Chrono Boost)  
  89  8:19  Pylon  
  90  8:21  Probe (Chrono Boost), Assimilator  
  90  8:24  Probe x2 (Chrono Boost)  
  90  8:25  Protoss Ground Armor Level 1 (Chrono Boost)  
  90  8:26  Assimilator  
  92  8:27  Blink  
  92  8:39  Photon Cannon  
  92  8:42  Photon Cannon  
  92  8:43  Zealot x4  
  92  8:44  Zealot x2, Photon Cannon  
  104  8:51  Probe (Chrono Boost)  
  104  8:55  Probe x2 (Chrono Boost)  
  107  8:59  Disruptor x2  
  107  9:02  Probe (Chrono Boost)  
  108  9:05  Probe (Chrono Boost)  
  108  9:06  Probe (Chrono Boost), Adept x2  
  114  9:11  Pylon  
  114  9:12  Pylon  
  114  9:13  Pylon  
  114  9:27  Probe  
  83  9:46  Probe x3, Robotics Facility  
  83  9:48  Robotics Facility  
  89  9:58  Probe (Chrono Boost)  
  89  9:59  Disruptor (Chrono Boost)  
  92  10:00  Gateway  
  92  10:01  Gateway  
  92  10:02  Probe x2 (Chrono Boost), Gateway  
  92  10:09  Probe (Chrono Boost), Nexus  
  92  10:13  Probe x2 (Chrono Boost)  
  95  10:18  Sentry x4  
  95  10:19  Sentry x2  
  107  10:22  Probe x2  
  107  10:26  Observer (Chrono Boost)  
  110  10:37  Disruptor  
  110  10:39  Probe x3  
  110  10:42  Assimilator  
  113  10:46  Assimilator  
  113  10:51  Probe x3  
  113  10:52  Pylon  
  113  10:53  Adept  
  113  10:54  Adept x4  
  113  10:57  Pylon  
  126  11:03  Probe x2  
  129  11:06  Disruptor x2 (Chrono Boost)  
  129  11:08  Disruptor  
  123  11:17  Stalker x4  
  117  11:39  Observer  
  96  11:40  Observer x2  
  91  11:48  Disruptor  
  91  11:50  Stalker  
  91  11:51  Stalker x4  
  101  11:59  Photon Cannon  
  91  12:13  Photon Cannon  
  91  12:14  Photon Cannon  
  90  12:17  Photon Cannon  
  90  12:19  Pylon  
  90  12:21  Pylon  
  83  12:28  Stalker  
  83  12:29  Stalker x4  
Show
View Real Time Build Order
Export as new Build Order

wabbajack Zerg - Winner!

Build Orders: Hatch First, Lurkers 

Get SALT Encoding   

  12  0:01  Drone  
  13  0:13  Overlord  
  13  0:22  Drone  
  13  0:26  Extractor  
  13  0:27  Drone  
  14  0:33  Drone  
  16  0:36  Drone  
  17  0:54  Drone  
  18  1:00  Hatchery  
  17  1:11  Extractor  
  17  1:16  Spawning Pool  
  15  1:21  Drone x2  
  17  1:26  Drone  
  18  1:47  Drone, Overlord  
  19  2:16  Queen x2  
  19  2:19  Metabolic Boost  
  19  2:21  Extractor  
  22  2:25  Drone x4  
  26  2:44  Zergling x2  
  26  2:45  Zergling x2  
  28  2:57  Baneling Nest  
  27  2:59  Drone x3  
  27  3:01  Overlord  
  27  3:02  Overlord  
  30  3:08  Pneumatized Carapace  
  30  3:18  Zergling x4  
  30  3:19  Zergling x2  
  33  3:29  Drone  
  33  3:30  Drone  
  33  3:32  Drone  
  33  3:34  Drone  
  37  3:44  Roach Warren  
  37  3:46  Baneling x4  
  36  4:03  Zergling x4  
  38  4:13  Baneling x2  
  38  4:30  Drone  
  38  4:31  Drone x6  
  45  4:37  Lair  
  45  4:40  Hatchery  
  39  5:49  Queen  
  39  5:56  Overlord  
  39  5:57  Overlord x3  
  41  5:58  Drone x3  
  41  5:59  Drone x8  
  51  6:06  Hydralisk Den  
  51  6:08  Evolution Chamber, Hydralisk Den  
  51  6:11  Evolution Chamber  
  46  6:25  Lurker Den  
  46  6:29  Drone  
  46  6:30  Drone x4  
  46  6:32  Extractor  
  50  6:34  Extractor  
  50  6:38  Zerg Missile Weapons Level 1, Zerg Ground Armor Level 1  
  49  6:40  Muscular Augments  
  49  6:41  Glial Reconstitution  
  49  6:44  Drone  
  49  6:45  Drone x4  
  49  6:46  Drone  
  55  6:48  Drone  
  56  6:57  Drone  
  56  6:58  Drone x3  
  56  7:00  Drone  
  61  7:02  Spore Crawler, Spine Crawler  
  61  7:03  Drone x3, Spine Crawler  
  61  7:10  Roach  
  61  7:11  Roach x6  
  75  7:18  Overseer  
  75  7:34  Overlord x2  
  71  8:07  Drone x2  
  71  8:08  Drone x2  
  71  8:11  Overlord x2  
  71  8:12  Extractor x2  
  73  8:14  Hydralisk x4, Roach  
  73  8:15  Hydralisk x4, Roach  
  73  8:16  Roach x2  
  73  8:17  Overlord x2  
  73  8:18  Overlord  
  97  8:26  Drone  
  98  8:32  Drone x3  
  98  8:33  Drone x2  
  103  8:39  Overlord x2  
  103  8:48  Lurker x5  
  107  8:50  Overlord x3  
  107  8:52  Hatchery  
  107  8:59  Roach  
  107  9:00  Roach x5  
  119  9:06  Ravager  
  120  9:14  Drone x2  
  122  9:21  Spore Crawler  
  122  9:23  Spore Crawler  
  120  9:25  Spore Crawler  
  120  9:30  Spore Crawler  
  104  9:42  Hydralisk x3  
  104  9:43  Hydralisk x5, Roach x3  
  104  9:44  Roach x4  
  134  9:52  Zerg Missile Weapons Level 2  
  134  9:56  Zerg Melee Weapons Level 1  
  134  10:04  Queen  
  134  10:05  Drone x6  
  134  10:06  Drone x3  
  145  10:32  Extractor  
  145  10:33  Drone x3  
  145  10:34  Drone x2  
  145  10:35  Drone, Extractor  
  149  10:38  Overlord x3  
  149  10:46  Hydralisk x3  
  149  10:47  Hydralisk x2, Roach x5  
  149  10:48  Roach  
  159  11:18  Hydralisk  
  159  11:19  Hydralisk x6, Roach x3  
  159  11:20  Hydralisk, Roach x6  
  146  12:30  Hydralisk x5, Roach  
  146  12:31  Hydralisk, Roach x5  
  162  12:52  Infestation Pit  
  161  12:53  Hatchery  
  161  12:54  Spire  
Tags
 
Add a new tag
Caveats
  • Supply blocks, unpowered buildings, or Contaminate may cause inaccurate times.
  • Supply counts are checked every 10 seconds.